[Event "Early Titled Tuesday Blitz | February 8 2022"]
[White "Indjic, Aleksandar"]
[Black "Caruana, Fabiano"]
[WhiteFideId "911925"]
[BlackFideId "2020009"]
[WhiteElo "2616"]
[BlackElo "2744"]
[Result "0-1"]
[Round "10"]
[TimeControl "180+1"]
[Date "2022.02.08"]
[WhiteClock "0:00:13"]
[BlackClock "0:00:11"]

1. d4 d6 2. Nf3 Nf6 3. h3 g6 4. c4 Bg7 5. Nc3 Bf5 6. g4 Bd7 7. e4 c5 8. dxc5 Bc6 9. Qe2 O-O 10. Bg2 Na6 11. cxd6 exd6 12. Bg5 Re8 13. Nd2 Qb6 14. Rb1 Nc5 15. O-O a5 16. Be3 Qc7 17. f3 b6 18. Rfd1 h5 19. Nf1 hxg4 20. hxg4 Nfd7 21. Rbc1 a4 22. Qf2 Ne5 23. Qe2 Rad8 24. g5 Qc8 25. Ng3 Qe6 26. Nd5 Bxd5 27. cxd5 Qe7 28. f4 Ned7 29. Kf2 f6 30. gxf6 Qxf6 31. Rc2 Rf8 32. Kg1 Qh4 33. Qf2 Ne5 34. Nh1 Qh5 35. Qe2 Qxe2 36. Rxe2 Ned3 37. e5 Nxf4 38. Bxf4 Rxf4 39. e6 Bd4+ 40. Kh2 Kg7 41. Kg3 g5 42. Nf2 Be5 43. Rxe5 dxe5 44. Ng4 Nxe6 45. Nxe5 Nd4 46. Nc4 Nf5+ 47. Kh2 Rxc4 0-1


[Site "https://www.chess.com"]

[Event "Early Titled Tuesday Blitz | February 8 2022"]
[White "Jain Kashish Manoj"]
[Black "Todorovic, Bojan"]
[WhiteFideId "35081098"]
[BlackFideId "917087"]
[WhiteElo "1681"]
[BlackElo "2266"]
[Result "0-1"]
[Round "10"]
[TimeControl "180+1"]
[Date "2022.02.08"]
[WhiteClock "0:00:15"]
[BlackClock "0:00:12"]

1. Nf3 Nf6 2. g3 g6 3. Bg2 Bg7 4. O-O O-O 5. c4 d6 6. Nc3 c5 7. d4 Nc6 8. dxc5 dxc5 9. Be3 Be6 10. Qa4 Nd4 11. Rad1 Bd7 12. Qa3 Nc2 13. Qxc5 b6 14. Qg5 h6 15. Qe5 Ng4 16. Qe4 Ncxe3 17. fxe3 Nf6 18. Qd3 Qc8 19. Ne5 Bf5 20. Rxf5 Qxf5 21. Qxf5 gxf5 22. Bxa8 Rxa8 23. Nc6 Kf8 24. b3 e6 25. Rd8+ Rxd8 26. Nxd8 Ng4 27. Nb5 a5 28. e4 fxe4 29. Nc6 f5 30. c5 bxc5 31. Nxa5 Ke7 32. Nc4 Nf6 33. a4 Nd5 34. a5 Nb4 35. Kf2 Kd7 36. Nba3 Kc6 37. Ke3 h5 38. Kd2 Bh6+ 39. Kd1 f4 40. Nc2 Nd5 41. gxf4 Bxf4 42. h3 Bg3 43. e3 Ne7 44. Nd2 Kd5 45. a6 Bb8 46. Na3 Nc6 47. Nb5 Ke5 48. Ke2 Kf5 49. Nc4 Kg5 50. Nb6 Kh4 51. Nc8 Kxh3 52. a7 Bxa7 53. Ncxa7 Nxa7 54. Nxa7 Kg2 55. Nc6 h4 56. Ne5 h3 57. Ng4 h2 58. Nxh2 Kxh2 59. Kd2 Kg2 60. Kc3 Kf3 61. Kc4 Kxe3 62. Kxc5 Kd3 63. b4 e3 64. b5 e2 65. b6 e1=Q 66. b7 Qb1 67. Kc6 e5 68. Kc7 e4 69. b8=Q Qxb8+ 70. Kxb8 0-1


[Site "https://www.chess.com"]

[Event "Early Titled Tuesday Blitz | February 8 2022"]
[White "Jakubowski, Krzysztof"]
[Black "De Silva, L M S T"]
[WhiteFideId "1112848"]
[BlackFideId "9953698"]
[WhiteElo "2365"]
[BlackElo "1631"]
[Result "1-0"]
[Round "10"]
[TimeControl "180+1"]
[Date "2022.02.08"]
[WhiteClock "0:00:17"]
[BlackClock "0:00:01"]

1. e4 e5 2. Nf3 Nc6 3. Bc4 Nf6 4. Ng5 d5 5. exd5 Na5 6. Bb5+ c6 7. dxc6 bxc6 8. Bd3 Ng4 9. Nh3 f5 10. Be2 Bd6 11. Nc3 O-O 12. d3 h6 13. Ne4 Bc7 14. Bxg4 fxg4 15. Ng1 Nb7 16. Ne2 Nd6 17. N2g3 Nf5 18. O-O Nh4 19. Be3 Rf3 20. Qd2 Bf5 21. Qc3 Kh8 22. Kh1 Bxe4 23. dxe4 Nxg2 24. Kxg2 Qh4 25. Qxc6 Qh3+ 26. Kg1 Rc8 27. Qd7 Rff8 28. Nf5 Rg8 29. Ne7 Rgd8 30. Qf5 Rb8 31. Rad1 Bd6 32. Ng6+ Kg8 33. Qe6+ Kh7 34. Rxd6 Rxd6 35. Qxd6 Rxb2 36. Nf8+ Kh8 37. Qxe5 Rxc2 38. Ng6+ Kh7 39. Qf5 Kg8 40. Bd4 Rc7 41. Qe6+ Kh7 42. Nf8+ Kh8 43. Nd7 Kh7 44. Qf5+ Kh8 45. Qf8+ Kh7 46. Qxg7# 1-0


[Site "https://www.chess.com"]

[Event "Early Titled Tuesday Blitz | February 8 2022"]
[White "Jaracz, Pawel"]
[Black "Hess, Robert"]
[WhiteFideId "1102222"]
[BlackFideId "2022036"]
[WhiteElo "2429"]
[BlackElo "2557"]
[Result "0-1"]
[Round "10"]
[TimeControl "180+1"]
[Date "2022.02.08"]
[WhiteClock "0:00:14"]
[BlackClock "0:00:03"]

1. e4 g6 2. d4 Bg7 3. Nc3 d6 4. Be3 a6 5. Qd2 Nd7 6. h4 h6 7. f4 h5 8. Nf3 Nh6 9. O-O-O b5 10. e5 Nb6 11. Ne4 Bf5 12. Bd3 Qd7 13. Nfg5 Ng4 14. Qe2 e6 15. Nf2 Qc6 16. Be4 Bxe4 17. Nfxe4 d5 18. Nc5 Bf8 19. Nd3 a5 20. Kb1 b4 21. Bc1 Be7 22. Rh3 Nc4 23. Nf2 Nxf2 24. Qxf2 a4 25. Qe2 Qa6 26. Qd3 c5 27. dxc5 Bxc5 28. b3 axb3 29. Qxb3 Ke7 30. f5 gxf5 31. Nf3 Rhg8 32. Bg5+ Ke8 33. Nd4 Na3+ 34. Kc1 Bxd4 35. Rxd4 Qf1+ 36. Rd1 Qxg2 37. Rhd3 Rxg5 38. hxg5 Qxg5+ 39. R3d2 Nc4 40. Qxb4 Nxd2 41. Rxd2 Qg1+ 42. Kb2 Qa7 43. Qb5+ Kf8 44. Qb4+ Ke8 45. Qb5+ Kd8 46. Rg2 Qxa2+ 47. Kc1 Qa1+ 48. Kd2 Qd4+ 49. Ke2 Qxe5+ 50. Kf2 Qf4+ 51. Ke2 Qe4+ 52. Kd2 Qxg2+ 0-1


[Site "https://www.chess.com"]

[Event "Early Titled Tuesday Blitz | February 8 2022"]
[White "Jobava, Baadur"]
[Black "Andreikin, Dmitry"]
[WhiteFideId "13601520"]
[BlackFideId "4158814"]
[WhiteElo "2617"]
[BlackElo "2736"]
[Result "0-1"]
[Round "10"]
[TimeControl "180+1"]
[Date "2022.02.08"]
[WhiteClock "0:00:13"]
[BlackClock "0:00:40"]

1. e4 e5 2. Nf3 Nc6 3. Bc4 Bc5 4. c3 Nf6 5. d3 d6 6. b4 Bb6 7. O-O h6 8. Nbd2 g5 9. Nb3 g4 10. Nfd2 h5 11. a4 a6 12. a5 Ba7 13. b5 Ne7 14. d4 Ng6 15. Ba3 h4 16. bxa6 bxa6 17. Qe2 Nf4 18. Qe3 g3 19. fxg3 Ng4 20. Qe1 hxg3 21. Qxg3 Be6 22. Bxa6 Rb8 23. Rab1 Rxh2 24. Rf2 Qf6 25. Nf3 Nh3+ 26. gxh3 Rxf2 27. Rf1 Rxf1+ 28. Bxf1 Rxb3 29. Bb4 exd4 30. Bb5+ Kf8 31. e5 dxc3+ 32. Kf1 Nxe5 0-1


[Site "https://www.chess.com"]

[Event "Early Titled Tuesday Blitz | February 8 2022"]
[White "Jones, Gawain C B"]
[Black "Niemann, Hans Moke"]
[WhiteFideId "409561"]
[BlackFideId "2093596"]
[WhiteElo "2657"]
[BlackElo "2636"]
[Result "1-0"]
[Round "10"]
[TimeControl "180+1"]
[Date "2022.02.08"]
[WhiteClock "0:00:53"]
[BlackClock "0:00:45"]

1. Nf3 c5 2. g3 Nc6 3. Bg2 e5 4. d3 d5 5. O-O Nf6 6. e4 dxe4 7. dxe4 Qxd1 8. Rxd1 Bg4 9. Na3 Nd4 10. Rd3 Bxf3 11. Bxf3 Nxf3+ 12. Rxf3 O-O-O 13. Bg5 Be7 14. Nc4 Rd4 15. Ne3 Rxe4 16. Nf5 Bf8 17. Rd1 c4 18. Bxf6 gxf6 19. Kf1 a6 20. h3 Bb4 21. a3 Bc5 22. Rc3 b5 23. Rd5 Rd8 24. Rxc5+ Kb7 25. Re3 Rxe3 26. Nxe3 Kb6 27. Rd5 1-0


[Site "https://www.chess.com"]

[Event "Early Titled Tuesday Blitz | February 8 2022"]
[White "Kamsky, Gata"]
[Black "Shuvalova, Polina"]
[WhiteFideId "2000024"]
[BlackFideId "24171760"]
[WhiteElo "2645"]
[BlackElo "2355"]
[Result "1-0"]
[Round "10"]
[TimeControl "180+1"]
[Date "2022.02.08"]
[WhiteClock "0:00:09"]
[BlackClock "0:00:02"]

1. d4 Nf6 2. Bf4 c5 3. e3 Qb6 4. Na3 d5 5. Nb5 Na6 6. c3 Bd7 7. a4 c4 8. b3 Bxb5 9. axb5 Qxb5 10. bxc4 dxc4 11. Nf3 e6 12. Ne5 Rc8 13. Qb1 Qxb1+ 14. Rxb1 b6 15. Bxc4 Nc7 16. Kd2 Bd6 17. Rhc1 Ncd5 18. Bb5+ Ke7 19. Nc6+ Rxc6 20. Bxc6 Nxf4 21. c4 Rc8 22. Bf3 Ng6 23. g3 e5 24. c5 bxc5 25. Rb7+ Ke6 26. d5+ Nxd5 27. e4 Nf6 28. Bg2 Rc7 29. Rcb1 Nd7 30. Bh3+ Ke7 31. Rxc7 Bxc7 32. Rb7 Kd6 33. Rxa7 Ngf8 34. Kd3 Ne6 35. Bxe6 fxe6 36. f3 Nb6 37. Ra1 c4+ 38. Kc3 Kc5 39. Ra5+ Kc6 40. Ra1 Bd6 41. Ra5 Bc5 42. g4 Bd4+ 43. Kb4 c3 44. Kb3 Kb7 45. Ra2 Nd7 46. h4 Nc5+ 47. Kc2 Kb6 48. Ra8 Na6 49. Kb3 Kb5 50. Rg8 Nb4 51. Rb8+ Bb6 52. Kxc3 Kc5 53. Rb7 Nc6 54. Rxg7 Nd4 55. Rxh7 Nxf3 56. g5 Ba5+ 57. Kd3 Be1 58. g6 Nxh4 59. Rxh4 Bxh4 60. g7 Be7 61. g8=Q Bd6 62. Qxe6 1-0


[Site "https://www.chess.com"]

[Event "Early Titled Tuesday Blitz | February 8 2022"]
[White "Kanyamarala, Trisha"]
[Black "Mosutha, Thuso"]
[WhiteFideId "45004722"]
[BlackFideId "11302550"]
[WhiteElo "2002"]
[BlackElo "2028"]
[Result "1-0"]
[Round "10"]
[TimeControl "180+1"]
[Date "2022.02.08"]
[WhiteClock "0:00:20"]
[BlackClock "0:00:33"]

1. d4 d5 2. c4 e6 3. Nc3 Nf6 4. cxd5 exd5 5. Bg5 Be7 6. e3 O-O 7. Bd3 h6 8. Bh4 c6 9. Nf3 Nbd7 10. O-O b6 11. h3 Bb7 12. Rc1 c5 13. Re1 Rc8 14. Bb1 Ne4 15. Bxe7 Qxe7 16. dxc5 Nxc3 17. Rxc3 bxc5 18. Qc2 Nf6 19. Rc1 c4 20. Qf5 Rcd8 21. Ne5 Bc8 22. Qf4 Rde8 23. Nc6 Qc5 24. Nd4 Ne4 25. Bxe4 Rxe4 26. Qf3 Qb6 27. b3 Bb7 28. Nf5 d4 29. Qg3 g6 30. Nxd4 cxb3 31. Rxb3 Qa6 32. Rc7 Bd5 33. Rbc3 Bxa2 34. R7c6 Qa5 35. R3c5 Qe1+ 36. Kh2 Kh7 37. Nf3 Re6 38. Nxe1 1-0


[Site "https://www.chess.com"]

[Event "Early Titled Tuesday Blitz | February 8 2022"]
[White "Karavaeva, Olga"]
[Black "Manukian, Artak"]
[WhiteFideId "4124111"]
[BlackFideId "13301373"]
[WhiteElo "2105"]
[BlackElo "2399"]
[Result "0-1"]
[Round "10"]
[TimeControl "180+1"]
[Date "2022.02.08"]
[WhiteClock "0:00:56"]
[BlackClock "0:00:17"]

1. c4 Nf6 2. Nc3 g6 3. g3 Bg7 4. Bg2 O-O 5. Nf3 d6 6. O-O e5 7. d4 Nc6 8. d5 Ne7 9. h3 a5 10. b3 Nd7 11. a4 Nc5 12. Ba3 f5 13. Rb1 h6 14. Bxc5 dxc5 15. e4 f4 16. gxf4 Rxf4 17. Qd3 g5 18. Ne2 Rf7 19. Ng3 Ng6 20. Qe3 Nf4 21. Kh2 Ra6 22. Qxc5 g4 23. Ng1 gxh3 24. Bh1 Raf6 25. Rbd1 Bg4 26. Rd2 h5 27. Qxa5 h4 28. N3e2 Nxe2 29. Nxe2 Rxf2+ 30. Rxf2 Rxf2+ 31. Kg1 Rxe2 32. Rxe2 Bxe2 33. Qd2 Bh5 34. Kh2 Kh7 35. Kxh3 Bh6 36. Qf2 Qd7+ 37. Kh2 Bf4+ 38. Kg1 Qg4+ 39. Qg2 Qd1+ 40. Qf1 Be3+ 41. Kg2 Qd2+ 42. Kh3 Bf4 43. Bg2 Qe3+ 44. Kxh4 Qg3+ 45. Kxh5 Qg5# 0-1


[Site "https://www.chess.com"]

[Event "Early Titled Tuesday Blitz | February 8 2022"]
[White "Khamzin, Olzhas"]
[Black "Vaishali, Rameshbabu"]
[WhiteFideId "13701690"]
[BlackFideId "5091756"]
[WhiteElo "2194"]
[BlackElo "2343"]
[Result "1-0"]
[Round "10"]
[TimeControl "180+1"]
[Date "2022.02.08"]
[WhiteClock "0:00:08"]
[BlackClock "0:00:02"]

1. d4 Nf6 2. Nc3 d5 3. Bg5 Nbd7 4. e3 h6 5. Bf4 a6 6. Qf3 e6 7. g4 c5 8. O-O-O b5 9. h4 Qa5 10. g5 b4 11. gxf6 bxc3 12. fxg7 Bxg7 13. Ne2 cxb2+ 14. Kb1 Nb6 15. Bc7 Ra7 16. Bxb6 Qxb6 17. Rg1 Rg8 18. Rg3 Bd7 19. Qg2 Kf8 20. Nf4 Ba4 21. Bd3 cxd4 22. Nh5 dxe3 23. Rxg7 Rxg7 24. Qxg7+ Ke7 25. Qf6+ Ke8 26. Ng7+ Kf8 27. fxe3 Qxe3 28. Nxe6+ Qxe6 29. Qd8+ 1-0


[Site "https://www.chess.com"]

[Event "Early Titled Tuesday Blitz | February 8 2022"]
[White "Kostina, Nadezhda"]
[Black "Varney, Zoe"]
[WhiteFideId "4195876"]
[BlackFideId "436135"]
[WhiteElo "2001"]
[BlackElo "1808"]
[Result "0-1"]
[Round "10"]
[TimeControl "180+1"]
[Date "2022.02.08"]
[WhiteClock "0:00:05"]
[BlackClock "0:00:03"]

1. e4 e5 2. Nf3 Nc6 3. Bc4 Nf6 4. O-O Nxe4 5. Re1 d5 6. Bb3 Be7 7. d3 Nc5 8. Nxe5 Nxe5 9. Rxe5 Nxb3 10. axb3 O-O 11. Nc3 c6 12. Qh5 Bd6 13. Rg5 g6 14. Qh6 Re8 15. Be3 Bf8 16. Qh4 h6 17. Rg4 Bxg4 18. Qxg4 a6 19. h4 Bg7 20. Ne2 Bxb2 21. Rb1 Bg7 22. h5 Qf6 23. Ng3 d4 24. Bd2 Qe6 25. Qf3 Rad8 26. hxg6 fxg6 27. Ne4 Rf8 28. Qg3 Qf5 29. Qh4 Rde8 30. Bxh6 Bxh6 31. Qxh6 Rxe4 32. dxe4 Qxf2+ 33. Kh1 Rf4 34. Qxg6+ Kf8 35. Qh6+ Ke7 36. Qg5+ Kd6 37. Qh6+ Rf6 38. e5+ Kxe5 39. Qh2+ Qf4 40. Re1+ Kd5 41. Qxf4 Rxf4 42. Kh2 Rf2 43. Kh3 Rxc2 44. g4 d3 45. g5 d2 46. Rg1 Rc1 0-1


[Site "https://www.chess.com"]

[Event "Early Titled Tuesday Blitz | February 8 2022"]
[White "Khoroshev, Nikita"]
[Black "Lopez Mulet, Inigo"]
[WhiteFideId "14200287"]
[BlackFideId "22235620"]
[WhiteElo "2354"]
[BlackElo "2315"]
[Result "0-1"]
[Round "10"]
[TimeControl "180+1"]
[Date "2022.02.08"]
[WhiteClock "0:00:02"]
[BlackClock "0:00:18"]

1. e4 g6 2. h4 Bg7 3. h5 c5 4. Nc3 Nc6 5. d3 d6 6. h6 Bf8 7. Be2 Nd4 8. Be3 e5 9. Nd5 Be6 10. c3 Nxe2 11. Nxe2 f5 12. d4 f4 13. Nexf4 exf4 14. Nxf4 Bf7 15. dxc5 dxc5 16. Qe2 Bxh6 17. Rd1 Qf6 18. e5 Qf5 19. Qb5+ Kf8 20. Qxc5+ Kg7 21. Qd4 Bxf4 22. Bxf4 Be6 23. Be3 Ne7 24. Qh4 Nd5 25. Rxd5 Bxd5 26. Qe7+ Qf7 27. Bh6+ Kg8 28. Qd6 Re8 29. Rh4 Qe6 30. Qxe6+ Rxe6 31. Rd4 Rxe5+ 32. Kd2 Kf7 33. f4 Rh5 34. Bg5 Bc6 35. c4 Re8 36. b4 Rh2 37. b5 Rxg2+ 38. Kc3 Be4 39. Rd7+ Ke6 40. Rxh7 Kf5 41. Rf7+ Kg4 42. a4 Rc8 43. Kb4 Rc2 44. Re7 R2xc4+ 45. Kb3 Bd5 46. Re5 Rd4+ 47. Kb2 Rb4+ 48. Ka3 Rb3+ 49. Ka2 Rc2+ 50. Ka1 Rd3 51. Re1 Ra2+ 52. Kb1 Rxa4 53. Bf6 Rb4+ 54. Kc2 Rg3 55. Be5 Rxb5 56. f5 gxf5 57. Kd2 Rg2+ 58. Kc3 Be4 59. Bd6 Rd5 60. Bb8 Rd3+ 61. Kc4 Rc2+ 62. Kb4 Bd5 63. Rg1+ Kf3 64. Rf1+ Ke4 65. Rf4+ Ke3 66. Rxf5 Rb3+ 67. Ka4 Ra2# 0-1


[Site "https://www.chess.com"]

[Event "Early Titled Tuesday Blitz | February 8 2022"]
[White "Kiolbasa, Oliwia"]
[Black "Oro, Luis"]
[WhiteFideId "1154613"]
[BlackFideId "104094"]
[WhiteElo "2190"]
[BlackElo "2288"]
[Result "1-0"]
[Round "10"]
[TimeControl "180+1"]
[Date "2022.02.08"]
[WhiteClock "0:01:27"]
[BlackClock "0:00:54"]

1. e4 c5 2. Nf3 d6 3. d4 cxd4 4. Nxd4 Nf6 5. Nc3 a6 6. Be2 e5 7. Nb3 Be7 8. Bg5 Be6 9. Bxf6 Bxf6 10. Qd3 Be7 11. O-O-O O-O 12. Nd5 Bg5+ 13. Kb1 Nc6 14. Rhf1 b5 15. f4 exf4 16. Nxf4 Be7 17. Nxe6 fxe6 18. Bg4 Qd7 19. Qh3 Nd8 20. Nd4 Rxf1 21. Rxf1 Bf6 22. Nxe6 Qe7 23. Bf5 h6 24. Qg4 Nxe6 25. Bxe6+ Kh8 26. h4 Re8 27. Bf5 Qe5 28. c3 g5 29. Qh5 Re7 30. Qxh6+ Kg8 31. hxg5 Bg7 32. Qh7+ Kf8 33. Bg6+ Bf6 34. Qh8# 1-0


[Site "https://www.chess.com"]

[Event "Early Titled Tuesday Blitz | February 8 2022"]
[White "Komiagina, Maria"]
[Black "Dilmukhametov, Artur"]
[WhiteFideId "4153987"]
[BlackFideId "24179922"]
[WhiteElo "1945"]
[BlackElo "2266"]
[Result "1-0"]
[Round "10"]
[TimeControl "180+1"]
[Date "2022.02.08"]
[WhiteClock "0:00:41"]
[BlackClock "0:00:01"]

1. e4 c5 2. Nf3 Nc6 3. Bb5 g6 4. Bxc6 bxc6 5. O-O Bg7 6. Re1 f6 7. e5 fxe5 8. Nxe5 Nf6 9. Nc3 O-O 10. d3 Qc7 11. h3 d6 12. Nf3 e5 13. Bg5 Nd5 14. Ne4 Bd7 15. Nh2 Rf7 16. Qd2 Raf8 17. Bh6 Nf4 18. Bxg7 Kxg7 19. f3 Bf5 20. a3 Qe7 21. Kh1 h6 22. b4 cxb4 23. axb4 Qe6 24. Ra6 Bxe4 25. dxe4 Qf6 26. Rxc6 Qh4 27. Rxd6 Qg3 28. c4 Nxg2 29. Rg1 Qxh3 30. Qxg2 Qh5 31. Qxg6+ 1-0


[Site "https://www.chess.com"]

[Event "Early Titled Tuesday Blitz | February 8 2022"]
[White "Komissarov, Alexey"]
[Black "parintele_chess"]
[WhiteFideId "4176545"]
[WhiteElo "2216"]
[BlackElo "2226"]
[Result "1-0"]
[Round "10"]
[TimeControl "180+1"]
[Date "2022.02.08"]
[WhiteClock "0:02:07"]
[BlackClock "0:02:18"]

1. e4 e5 2. Nf3 Nc6 3. Nc3 Nf6 4. Rb1 d5 5. exd5 Nxd5 6. Bb5 Bg4 7. h3 Bxf3 8. Qxf3 Nxc3 9. Bxc6+ bxc6 10. Qxc6+ Ke7 11. bxc3 Rb8 12. Ba3+ 1-0


[Site "https://www.chess.com"]

[Event "Early Titled Tuesday Blitz | February 8 2022"]
[White "Kostiukov, Alexandr"]
[Black "Vifleemskaia, Svetlana"]
[WhiteFideId "14108100"]
[BlackFideId "4129490"]
[WhiteElo "2202"]
[BlackElo "1901"]
[Result "1-0"]
[Round "10"]
[TimeControl "180+1"]
[Date "2022.02.08"]
[WhiteClock "0:00:14"]
[BlackClock "0:00:17"]

1. g3 d5 2. Bg2 Nf6 3. d3 e5 4. e4 dxe4 5. dxe4 Qxd1+ 6. Kxd1 Bg4+ 7. f3 Be6 8. Be3 Nc6 9. Nd2 O-O-O 10. Bh3 Bxh3 11. Nxh3 h6 12. c3 g5 13. Nf2 Be7 14. Ke2 Rdg8 15. h3 h5 16. b4 a6 17. a4 Nd7 18. Nc4 Rf8 19. Nd3 f6 20. b5 Ncb8 21. Rhb1 b6 22. a5 axb5 23. Rxb5 bxa5 24. Raxa5 Nc6 25. Ra8+ Ndb8 26. Ba7 Kd7 27. Nc5+ Bxc5 28. Bxc5 Re8 29. Ne3 Ne7 30. Bxe7 Kxe7 31. Nd5+ Kf7 32. Nxc7 Nd7 33. Nxe8 Rxe8 34. Rxe8 Kxe8 35. g4 hxg4 36. hxg4 Ke7 37. Rb7 Kd6 38. Ra7 Nc5 39. Ke3 Ne6 40. Kd3 Nf4+ 41. Kc4 Nh3 42. Ra6+ Ke7 43. Kd5 Ng1 44. Ra7+ Kf8 45. Ke6 Nxf3 46. Kxf6 Ke8 47. Kf5 Kd8 48. Rg7 Ke8 49. Rxg5 Nxg5 50. Kxg5 Ke7 51. Kf5 1-0


[Site "https://www.chess.com"]

[Event "Early Titled Tuesday Blitz | February 8 2022"]
[White "Kovanova, Baira"]
[Black "Sargsyan, Anna M."]
[WhiteFideId "4164083"]
[BlackFideId "13308130"]
[WhiteElo "2190"]
[BlackElo "2271"]
[Result "1-0"]
[Round "10"]
[TimeControl "180+1"]
[Date "2022.02.08"]
[WhiteClock "0:00:12"]
[BlackClock "0:00:03"]

1. e4 e5 2. Nf3 Nc6 3. Bb5 a6 4. Ba4 Nf6 5. O-O Nxe4 6. d4 b5 7. Bb3 d5 8. dxe5 Be6 9. Qe2 Nc5 10. Rd1 Nxb3 11. cxb3 Be7 12. Nc3 O-O 13. Be3 Na5 14. Ne4 h6 15. Rac1 c6 16. Bc5 Nb7 17. b4 a5 18. a3 axb4 19. axb4 Ra2 20. Bxe7 Qxe7 21. Nc5 Rfa8 22. Nd4 Nd8 23. h3 Bc8 24. Nd3 Bb7 25. Nc5 Bc8 26. f4 Qh4 27. f5 R2a7 28. e6 Re7 29. Qe3 Qf6 30. Re1 Ra2 31. Rc2 Kh7 32. Rf2 Raa7 33. Qd2 Rac7 34. g4 Nb7 35. Na6 Nd6 36. Nxc7 Rxc7 37. Qd3 Ne4 38. Rxe4 dxe4 39. Qxe4 c5 40. bxc5 Bb7 41. c6 Bxc6 42. Nxc6 fxe6 43. fxe6+ Qg6 44. Qxg6+ Kxg6 45. e7 1-0


[Site "https://www.chess.com"]

[Event "Early Titled Tuesday Blitz | February 8 2022"]
[White "Kukula, Pawel"]
[Black "Golsta, Madara"]
[WhiteFideId "1115081"]
[BlackFideId "11607386"]
[WhiteElo "2203"]
[BlackElo "1997"]
[Result "1-0"]
[Round "10"]
[TimeControl "180+1"]
[Date "2022.02.08"]
[WhiteClock "0:00:10"]
[BlackClock "0:00:06"]

1. Nc3 Nf6 2. e4 e5 3. Bc4 Nc6 4. d3 Bc5 5. Be3 Bb6 6. Qd2 O-O 7. O-O-O Ne7 8. Nf3 c6 9. d4 Ng6 10. dxe5 Ng4 11. Bg5 Qe8 12. Rhf1 N4xe5 13. Bb3 d6 14. Qxd6 Bg4 15. Nxe5 Nxe5 16. f3 Bh5 17. Be7 Ng6 18. Bxf8 Nxf8 19. g4 Bg6 20. h4 h5 21. Kb1 a5 22. a4 Be3 23. Rd3 Bb6 24. gxh5 Bxh5 25. f4 Rd8 26. Qe5 Qxe5 27. fxe5 Re8 28. Rf5 Bg6 29. Rg5 Bd8 30. Rg4 Bc7 31. Ka2 Bxe5 32. Rg5 Bf6 33. Rg4 Kh8 34. Rdg3 Bh5 35. Rg5 Bxg5 36. hxg5 Bg6 37. Rg4 Kg8 38. Rf4 Ne6 39. Rg4 Nd4 40. Bc4 Nxc2 41. Bd3 Nb4+ 42. Kb3 Nxd3 43. Rg3 Ne5 44. Rg1 Nd3 45. Rg3 Nc5+ 46. Kc4 Nxe4 47. Nxe4 Rxe4+ 48. Kc5 Rxa4 49. Kb6 Rb4+ 50. Kc7 Rxb2 51. Kd8 a4 52. Ra3 Rb3 53. Rxa4 Rg3 54. Ra8 1-0


[Site "https://www.chess.com"]

[Event "Early Titled Tuesday Blitz | February 8 2022"]
[White "Lashkin, Jegor"]
[Black "Weetik, Vjacheslav"]
[WhiteFideId "13907808"]
[BlackFideId "4153472"]
[WhiteElo "2344"]
[BlackElo "2469"]
[Result "1-0"]
[Round "10"]
[TimeControl "180+1"]
[Date "2022.02.08"]
[WhiteClock "0:01:13"]
[BlackClock "0:00:04"]

1. d4 d5 2. c4 e6 3. Nc3 c6 4. e3 Bd6 5. Nf3 f5 6. Bd3 Nf6 7. O-O Nbd7 8. b3 Ne4 9. Ne2 O-O 10. Bb2 Qf6 11. Nf4 b6 12. Rc1 Bb7 13. Qe2 a6 14. Rc2 g5 15. Nh5 Qh6 16. Ne5 Bxe5 17. dxe5 Ndc5 18. Bxe4 fxe4 19. Nf6+ Kh8 20. cxd5 exd5 21. Ba3 Nd3 22. Bxf8 Rxf8 23. Nd7 Rf7 24. Qg4 Qg6 25. e6 h5 26. exf7 Qxf7 27. Qxg5 Qxd7 28. Qxh5+ Kg8 29. Qg6+ Kh8 30. f3 Qe7 31. fxe4 1-0


[Site "https://www.chess.com"]

[Event "Early Titled Tuesday Blitz | February 8 2022"]
[White "Le Ruyet, Leopold"]
[Black "Mekhitarian, Krikor Sevag"]
[WhiteFideId "645923"]
[BlackFideId "2107660"]
[WhiteElo "2276"]
[BlackElo "2598"]
[Result "0-1"]
[Round "10"]
[TimeControl "180+1"]
[Date "2022.02.08"]
[WhiteClock "0:00:07"]
[BlackClock "0:00:23"]

1. d4 Nf6 2. c4 g6 3. Nc3 d5 4. cxd5 Nxd5 5. Na4 e5 6. dxe5 Bb4+ 7. Bd2 Ne3 8. fxe3 Bxd2+ 9. Qxd2 Qh4+ 10. g3 Qxa4 11. Qd4 Qa5+ 12. Qc3 Qxc3+ 13. bxc3 Nc6 14. Nf3 Ke7 15. Rb1 Rd8 16. Bg2 Rb8 17. Kf2 b6 18. h4 h6 19. Rhc1 Be6 20. c4 Rd7 21. c5 b5 22. a3 a6 23. h5 g5 24. Nxg5 Nxe5 25. Nxe6 fxe6 26. Be4 Rf8+ 27. Kg2 Rd2 28. Re1 Ng4 29. Rb3 Rf2+ 30. Kh3 Nf6 31. Bg6 Rfxe2 32. Rxe2 Rxe2 33. g4 Nd5 34. g5 hxg5 35. Kg4 Kf6 36. e4 Rg2+ 37. Kf3 Nf4 38. Be8 Ke5 39. Rb1 g4+ 40. Ke3 Re2# 0-1


[Site "https://www.chess.com"]

[Event "Early Titled Tuesday Blitz | February 8 2022"]
[White "Lehtosaari, Mauri"]
[Black "Gombocz, Ferenc Jr."]
[WhiteFideId "501999"]
[BlackFideId "775029"]
[WhiteElo "2448"]
[BlackElo "1913"]
[Result "1-0"]
[Round "10"]
[TimeControl "180+1"]
[Date "2022.02.08"]
[WhiteClock "0:00:43"]
[BlackClock "0:01:33"]

1. d4 d5 2. Nf3 Nf6 3. Bg5 Ne4 4. Bf4 c5 5. e3 Nc6 6. c3 Qb6 7. Qb3 c4 8. Qxb6 axb6 9. Nfd2 Nxd2 10. Nxd2 b5 11. e4 e6 12. Be2 b4 13. Bf3 bxc3 14. bxc3 Ra5 15. O-O f5 16. exd5 exd5 17. Rfb1 Kd8 18. a4 Be7 19. Rb5 g5 20. Rxa5 Nxa5 21. Be5 Rf8 22. Bxd5 Bf6 23. Nxc4 Nxc4 24. Bxc4 Bxe5 25. dxe5 Re8 26. Re1 Re7 27. Bd5 Rc7 28. c4 Rc5 29. e6 Ke7 30. f4 gxf4 31. Re5 Ra5 32. Rxf5 Rxa4 33. Rxf4 Bxe6 34. Re4 Ra6 35. Kf2 Kf6 36. Rxe6+ Rxe6 37. Bxe6 Kxe6 38. Ke3 Ke5 39. g4 h6 40. h3 b6 41. h4 1-0


[Site "https://www.chess.com"]

[Event "Early Titled Tuesday Blitz | February 8 2022"]
[White "Ljukin, Sergei"]
[Black "Iljin, Timofey"]
[WhiteFideId "14102200"]
[BlackFideId "14110180"]
[WhiteElo "2312"]
[BlackElo "2396"]
[Result "0-1"]
[Round "10"]
[TimeControl "180+1"]
[Date "2022.02.08"]
[WhiteClock "0:00:16"]
[BlackClock "0:00:57"]

1. e4 c5 2. Nf3 d6 3. d4 cxd4 4. Nxd4 Nf6 5. Nc3 Nc6 6. Bc4 Bd7 7. Bg5 Rc8 8. Bxf6 gxf6 9. Qh5 Ne5 10. Bb3 Rg8 11. f4 Bg4 12. Qxh7 Rg7 13. Qh8 Qb6 14. Nde2 Ng6 15. Ba4+ Kd8 16. Qh6 Qe3 17. h3 Rg8 18. hxg4 Bxh6 19. Rxh6 Nxf4 0-1


[Site "https://www.chess.com"]

[Event "Early Titled Tuesday Blitz | February 8 2022"]
[White "Loay, Sameer"]
[Black "Iskusnyh, Sergei"]
[WhiteFideId "8104239"]
[BlackFideId "4120027"]
[WhiteElo "2040"]
[BlackElo "2492"]
[Result "1/2-1/2"]
[Round "10"]
[TimeControl "180+1"]
[Date "2022.02.08"]
[WhiteClock "0:00:41"]
[BlackClock "0:00:11"]

1. Nf3 d5 2. g3 Nf6 3. Bg2 c6 4. O-O Bf5 5. d3 e6 6. Nbd2 h6 7. b3 Be7 8. Bb2 O-O 9. Qe1 a5 10. e4 Bh7 11. a4 Na6 12. Ne5 Nb4 13. Rc1 Nd7 14. Qe2 Nxe5 15. Bxe5 Bf6 16. Bxf6 Qxf6 17. e5 Qe7 18. Kh1 b5 19. f4 bxa4 20. bxa4 Rab8 21. Nb3 Nxd3 22. cxd3 Rxb3 23. Qc2 Rxd3 24. f5 Qa3 25. g4 Rd4 26. Qxc6 Qxa4 27. Qd6 Qe8 28. Rc7 Rxg4 29. Re7 Qc8 30. Rc7 Qe8 31. fxe6 Qxe6 32. Bxd5 Qxd5+ 33. Qxd5 Be4+ 34. Qxe4 Rxe4 35. Rc5 Re8 36. Rxa5 g6 37. Ra7 Rf8 38. Re7 g5 39. Rf6 Kg7 40. Rf5 Rf4 41. Rxf4 gxf4 42. Kg2 Kg6 43. e6 fxe6 44. Rxe6+ Kg5 45. Kf3 Rf5 46. h4+ Kh5 47. Ra6 Rb5 48. Kxf4 Rb4+ 49. Kg3 Rg4+ 50. Kf3 Rxh4 51. Ra5+ Kg6 52. Kg3 Re4 53. Ra6+ Kg5 54. Ra5+ Kg6 55. Ra6+ Kg5 56. Ra5+ Kg6 1/2-1/2


[Site "https://www.chess.com"]